 Dungeon Crawl Stone Soup version 0.31-a0-237-g2d982f9f85 (webtiles) character file.

Game seed: 10157392890535652850

71 qw the Shooter (level 4, -2/26 HPs)
             Began as a Gargoyle Hexslinger on July 11, 2023.
             Slain by Grinder (4 damage)
             ... on level 4 of the Dungeon.
             The game lasted 00:01:04 (2528 turns).

qw the Shooter (Gargoyle Hexslinger)                Turns: 2528, Time: 00:01:04

Health: -2/26      AC:  8    Str: 11    XL:     4   Next: 24%
Magic:  5/5        EV: 10    Int: 14    God:
Gold:   247        SH:  5    Dex: 14    Spells: 4/5 levels left

rFire   . . .        Y - +1 sling
rCold   . . .        (no shield)
rNeg    + . .        e - +0 ring mail
rPois   inf          (no helmet)
rElec   +            (no cloak)
rCorr   .            (no gloves)
SInv    .            (no boots)
Will    .....        h - amulet of reflection
Stlth   +            (no ring)
HPRegen 0.24/turn    (no ring)
MPRegen 0.09/turn

%: reflection
@: no status effects
A: sickness immunity, AC +3, negative energy resistance 1, electricity
resistance, torment resistance 1, petrification resistance
a: no special abilities


You were on level 4 of the Dungeon.
You visited 1 branch of the dungeon, and saw 4 of its levels.

You collected 247 gold pieces.


Innate Abilities, Weirdness & Mutations

You are immune to sickness and miasma.
Your stone body is resilient. (AC +3)
You are immune to poison.
You resist negative energy. (rN+)
You are resistant to electric shocks. (rElec)
You are resistant to unholy torment.
You are immune to petrification.


   Skills:
 - Level 2.0 Fighting
 - Level 4.0 Ranged Weapons
 + Level 0.5 Armour
 - Level 1.5 Dodging
 - Level 1.0 Spellcasting
 - Level 2.6 Hexes


You had 4 spell levels left.
You knew the following spells:

 Your Spells              Type           Power      Damage    Failure   Level
a - Slow                  Hex            32%        N/A       22%         1

Your spell library contained the following spells:

 Spells                   Type           Power      Damage    Failure   Level
 Inner Flame              Hex/Fire       4%         N/A       73%         3
 Portal Projectile        Hex/Tloc       8%         N/A       73%         3
 Cause Fear               Hex            4%         N/A       91%         4

Inventory:

Hand Weapons
 Y - a +1 sling (weapon)
Armour
 e - a +0 ring mail (worn)
Jewellery
 h - an amulet of reflection (around neck)
Scrolls
 a - a scroll of identify
Potions
 b - a potion of brilliance {unknown}
 d - 3 potions of might
 f - a potion of curing
 g - a potion of invisibility {unknown}
 i - a potion of cancellation {unknown}
 j - a potion of mutation {unknown}

Dungeon Overview and Level Annotations

Branches:
Dungeon (4/15)
 Temple: D:4-7

Altars:
Sif Muna
Vehumet

Annotations:
D:4 Grinder


Message History

The dart slug launches a dart at you.
The slug dart hits you but does no damage.
2518 ||| Stepping ~*~*~tactically~*~*~ (outnumbered).
You shoot a sling bullet. The sling bullet hits Grinder.
Grinder is lightly wounded.
You shoot a sling bullet. The sling bullet hits Grinder.
Grinder is lightly wounded.
You shoot a sling bullet. The sling bullet hits Grinder.
Grinder is moderately wounded.
Grinder hits you!
You writhe in agony.
Grinder closely misses you.
You shoot a sling bullet. The sling bullet hits Grinder.
Grinder is moderately wounded.
A worm comes into view.
You block Grinder's attack.
You shoot a sling bullet.
The sling bullet closely misses Grinder.
Grinder gestures at you.
You barely resist. You shoot a sling bullet. The sling bullet hits Grinder.
Grinder is heavily wounded.
Grinder hits you.
You writhe in agony.
Grinder closely misses you.
You shoot a sling bullet. The sling bullet hits Grinder!
Grinder is severely wounded.
The dart slug launches a dart at you. The slug dart misses you.
Grinder barely misses you.
You shoot a sling bullet. The sling bullet hits Grinder.
Grinder is severely wounded.
Grinder hits you but does no damage.
You shoot a sling bullet. The sling bullet hits Grinder.
Grinder is severely wounded.
Grinder gestures at you. Pain shoots through your body!
The dart slug launches a dart at you. The slug dart hits you.
Grinder gestures at you. Pain shoots through your body!
You shoot a sling bullet. The sling bullet hits Grinder.
Grinder is almost dead.
The dart slug bites you. Grinder hits you.
You die...

#..w ## #...
##+##.## ...
....(..# #..
.......# ##..
#...>.#
#...##.....##
#...w@......#
#...5.......#
#...##.....##
##.w##.<...##
#..+.......#
...#.......#
....#########
..... ......


You could see Grinder, a worm and a dart slug.

Vanquished Creatures
  2 worms (D:2)
  A dart slug (D:3)
  An orc (D:3)
  5 ball pythons
  10 bats
  4 endoplasms
  2 giant cockroaches (D:2)
  6 goblins
  8 hobgoblins
  2 jackals (D:3)
  6 kobolds
  3 quokkas
  A frilled lizard (D:2)
  5 rats
56 creatures vanquished.

Notes
Turn   | Place    | Note
-------+----------+-------------------------------------------
     0 | D:1      | qw the Gargoyle Hexslinger began the quest for the Orb.
     0 | D:1      | Reached XP level 1. HP: 12/12 MP: 2/2
     0 | D:1      | 0 ||| qw: Version: 0.3-a-52-g30416fa
     0 | D:1      | 0 ||| qw: Game counter: 5876
     0 | D:1      | 0 ||| qw: Melee chars always use a shield: true
     0 | D:1      | 0 ||| qw: God list: Okawaru
     0 | D:1      | 0 ||| qw: Allow faded altars: false
     0 | D:1      | 0 ||| qw: Do Orc after clearing Dungeon:15 true
     0 | D:1      | 0 ||| qw: Do second Lair branch before Depths: true
     0 | D:1      | 0 ||| qw: Lair rune preference: random
     0 | D:1      | 0 ||| qw: Goals: Normal
     0 | D:1      | 0 ||| PLANNING D:1-11
   140 | D:1      | Reached XP level 2. HP: 16/16 MP: 3/3
   353 | D:1      | Reached skill level 3 in Ranged Weapons
   363 | D:1      | 363 ||| FLEEEEING.
   364 | D:1      | 364 ||| FLEEEEING.
   939 | D:1      | 939 ||| UPGRADING to amulet of reflection.
   944 | D:1      | 944 ||| DROPPING +6 ring of intelligence.
   945 | D:1      | 945 ||| READING 3 scrolls labelled MULYARHA FUWAE.
   946 | D:1      | 946 ||| READING scroll labelled ZYX UJIUWO.
   947 | D:1      | 947 ||| READING scroll labelled HULUHE WAILO.
   948 | D:1      | 948 ||| DRINKING 2 smoky green potions.
   949 | D:1      | 949 ||| READING 2 scrolls of identify.
   949 | D:1      | 949 ||| IDENTIFYING metallic orange potion
   950 | D:1      | 950 ||| DROPPING scroll of poison.
   997 | D:2      | 997 ||| STAIRDANCE
  1011 | D:2      | Reached XP level 3. HP: 21/21 MP: 4/4
  1263 | D:2      | Found a shimmering blue altar of Sif Muna.
  1645 | D:2      | 1645 ||| UPGRADING to +0 ring mail.
  1655 | D:2      | 1655 ||| DROPPING +0 robe.
  1656 | D:2      | 1656 ||| READING scroll labelled POG WYCAUQOE.
  1735 | D:3      | Reached XP level 4. HP: 26/26 MP: 5/5
  1744 | D:3      | Found a faded altar of an unknown god.
  2101 | D:3      | Reached skill level 4 in Ranged Weapons
  2101 | D:3      | 2101 ||| FLEEEEING.
  2102 | D:3      | 2102 ||| FLEEEEING.
  2103 | D:3      | 2103 ||| FLEEEEING.
  2104 | D:3      | 2104 ||| FLEEEEING.
  2105 | D:3      | 2105 ||| FLEEEEING.
  2157 | D:3      | Found a radiant altar of Vehumet.
  2398 | D:3      | 2398 ||| READING 2 scrolls labelled DIUHAF ZADODE.
  2399 | D:3      | 2399 ||| DRINKING 2 murky silvery potions.
  2503 | D:3      | 2503 ||| DROPPING scroll of blinking.
  2504 | D:3      | 2504 ||| DROPPING potion of berserk rage.
  2517 | D:4      | Noticed Grinder
  2518 | D:4      | 2518 ||| Stepping ~*~*~tactically~*~*~ (outnumbered).
  2527 | D:4      | HP: 4/26 [Grinder/nerve-wracking pain (4)]
  2528 | D:4      | Slain by Grinder

Levels and vault maps discovered:
D:1:      evilmike_arrival_plus, layout_basic
D:2:      layout_loops_ring, basic_altar, minmay_misc_feat_room,
          grunt_ministairs_10
D:3:      layout_loops_ring, mainiacjoe_overflow_surrounded_room,
          basic_ecumenical_altar, minmay_box_of_dots
D:4:      layout_gridville, mainiacjoe_overflow_24_doors,
          mainiacjoe_overflow_small_starburst,
          hangedman_abyss_or_decor_lesser_grid, uniq_grinder

Skill      XL: |  1  2  3  4 |
---------------+-------------+-----
Ranged Weapons | 3 4 |  4.0
Fighting       | 2 |  2.0
Armour         | |  0.5
Dodging        | |  1.5
Spellcasting   | |  1.0
Hexes          | |  2.6

Action                     |  1- 3 |  4- 6 || total
---------------------------+-------+-------++-------
   Fire: Sling             |   171 |    66 ||   237
    Use: Scroll            |     5 |     1 ||     6
         Potion            |     1 |     1 ||     2
 Armour: Robe              |    25 |       ||    25
         Ring mail         |     5 |    18 ||    23
  Dodge: Dodged            |    57 |    20 ||    77
  Block: Other             |    12 |    10 ||    22
         Reflection        |     1 |     1 ||     2

Table legend:
 A = Non-vault XP
 B = Vault XP
 C = Vault XP percentage of total XP
 D = Non-vault monster count
 E = Vault monster count
 F = Vault count percentage of total count
                 A         B        C        D         E       F
            +---------+---------+-------+---------+---------+-------
      Total |      94 |       8 |   7.8 |      52 |       4 |   7.1
            +---------+---------+-------+---------+---------+-------
        D:1 |      32 |       0 |   0.0 |      18 |       0 |   0.0
        D:2 |      34 |       2 |   5.6 |      17 |       2 |  10.5
        D:3 |      28 |       6 |  17.6 |      17 |       2 |  10.5
            +---------+---------+-------+---------+---------+-------
